 Dungeon Crawl Stone Soup version 0.16.2-12-gd0ad4c3 (webtiles) character file.

177 Seneschal the Stinger (level 5, 0/38 HPs)
             Began as a Draconian Venom Mage on Sept 22, 2015.
             Was an Initiate of Sif Muna.
             Succumbed to an adder's poison
             ... on level 4 of the Dungeon.
             The game lasted 00:22:26 (3072 turns).

Seneschal the Stinger (Draconian Venom Mage)        Turns: 3072, Time: 00:22:26

Health: 0/38       AC:  9    Str: 10    XL:     5   Next: 30%
Magic:  9/11       EV: 13    Int: 22    God:    Sif Muna [......]
Gold:   174        SH:  0    Dex: 12    Spells: 2 memorised, 6 levels left

rFire  . . .     SeeInvis .     (no weapon)
rCold  . . .     Clarity  .     (armour unavailable)
rNeg   . . .     SustAb   .     (no shield)
rPois  .         Gourm    .     (helmet restricted)
rElec  .         Spirit   .     t - +0 cloak
rCorr  .         Warding  .     q - +1 pair of gloves
rMut   .         Stasis   .     a - +0 pair of boots
MR     +....                    (no amulet)
Stlth  ++........               u - ring of protection from magic
                                j - +4 ring of intelligence

@: lethally poisoned (0 -> -5), somewhat resistant to hostile enchantments,
unstealthy
A: unfitting armour, clever 1, cold-blooded, AC +5
a: Renounce Religion


You were on level 4 of the Dungeon.
You worshipped Sif Muna.
Sif Muna was noncommittal.
You were not hungry.

You visited 1 branch of the dungeon, and saw 5 of its levels.

You collected 174 gold pieces.

Inventory:

Armour
 a - a +0 pair of boots (worn)
 q - a +1 pair of gloves (worn)
 t - a +0 cloak (worn)
 x - a +0 robe
Jewellery
 j - a +4 ring of intelligence (left hand)
 p - an uncursed ring of sustain abilities
 u - a ring of protection from magic (right hand)
 v - a +2 ring of dexterity {unknown}
Magical devices
 o - a wand of random effects (18)
Scrolls
 d - a scroll of magic mapping
 g - a scroll of remove curse
 i - 3 scrolls of identify
Potions
 e - a potion of curing
 s - 2 potions of resistance
Books
 b - a Young Poisoner's Handbook

   Spells                             Type                      Level
   a - Sting                          Conjuration/Poison           1
   b - Cure Poison                    Poison                       2
   c - Mephitic Cloud                 Conjuration/Poison/Air       3
   d - Olgreb's Toxic Radiance        Poison                       4
   e - Venom Bolt                     Conjuration/Poison           5
Comestibles
 c - 3 bread rations
 m - a beef jerky
 n - 4 fruits


   Skills:
 + Level 2.9 Dodging
 - Level 1.7 Stealth
 - Level 0.4 Unarmed Combat
 * Level 3.0 Spellcasting
 * Level 1.5 Conjurations
 * Level 1.4 Air Magic
 + Level 4.7 Poison Magic


You had 6 spell levels left.
You knew the following spells:

 Your Spells              Type           Power        Failure   Level  Hunger
a - Sting                 Conj/Pois      ###.         4%          1    None
b - Mephitic Cloud        Conj/Pois/Air  ##......     14%         3    ###....


Dungeon Overview and Level Annotations

Branches:
Dungeon (5/15)             Temple (0/1) D:4

Altars:
Sif Muna


Innate Abilities, Weirdness & Mutations

Your plain brown scales are hard (AC +5).
Your body does not fit into most forms of armour.
Your cold-blooded metabolism reacts poorly to cold.
Your mind is acute. (Int +2)


Message History

You are poisoned.
The adder poisons you!
You feel sick. The adder misses you. The adder completely misses you.
The adder barely misses you.
You feel sick. The adder misses you. The adder bites you but does no damage.
The adder bites you.
* * * LOW HITPOINT WARNING * * *
You feel sick. The adder bites you.
* * * LOW HITPOINT WARNING * * *
The adder barely misses you. The adder bites you.
* * * LOW HITPOINT WARNING * * *
You are more poisoned.
The adder poisons you!
* * * LOW HITPOINT WARNING * * *
You feel sick. The adder barely misses you. The adder closely misses you.
* * * LOW HITPOINT WARNING * * *
You feel sick. The adder barely misses you. The adder barely misses you.
You die...

...........#.
...........#.
...##......'
...##......#
...#.......# ...+
.....# ..### #..#
#+###.##..####+###
...#...........S@#
...+....>........#
...#.............#
..[#.............#
...#.............+
#.###'######..####
#'###. ##+# ......
......


You could see an adder.

Vanquished Creatures
  A giant frog (D:5)
  2 adders (D:3)
  2 giant geckos
  An ooze (D:3)
  2 orcs (D:4)
  A bat skeleton (D:4)
  3 giant cockroaches
  15 hobgoblins
  9 jackals
  13 kobolds
  8 bats
  4 giant newts
  6 goblins
  14 rats
81 creatures vanquished.

Vanquished Creatures (others)
  A bat (D:3)
1 creature vanquished.

Grand Total: 82 creatures vanquished

Notes
Turn   | Place    | Note
--------------------------------------------------------------
     0 | D:1      | Seneschal, the Draconian Venom Mage, began the quest for the Orb.
     0 | D:1      | Reached XP level 1. HP: 14/14 MP: 3/3
   203 | D:1      | Reached XP level 2. HP: 20/20 MP: 0/4
   695 | D:1      | Reached XP level 3. HP: 26/26 MP: 4/6
   767 | D:2      | Reached skill level 1 in Conjurations
  1312 | D:2      | Learned a level 3 spell: Mephitic Cloud
  1472 | D:2      | Found a deep blue altar of Sif Muna.
  1475 | D:2      | Became a worshipper of Sif Muna the Loreminder
  1820 | D:3      | Reached XP level 4. HP: 26/33 MP: 0/8
  1930 | D:3      | Gained mutation: Your mind is acute. (Int +2) [potion of beneficial mutation]
  2110 | D:3      | Reached skill level 1 in Air Magic
  2513 | D:4      | Noticed a phantom
  2560 | D:4      | Found a staircase to the Ecumenical Temple.
  2625 | D:5      | Entered Level 5 of the Dungeon
  2626 | D:5      | Noticed a giant frog
  2644 | D:5      | Noticed an ice beast
  2691 | D:5      | Killed a giant frog
  2691 | D:5      | Reached XP level 5. HP: 13/38 MP: 1/11
  3070 | D:4      | HP: 1/38 [poisoned by an adder]
  3072 | D:4      | Succumbed to an adder's poison

Action                   |  1- 3 |  4- 6 || total
-------------------------+-------+-------++-------
Melee: Unarmed           |   125 |    78 ||   203
 Cast: Sting             |    72 |    52 ||   124
       Mephitic Cloud    |     2 |    11 ||    13
Evoke: Wand              |       |     5 ||     5
  Use: Scroll            |     2 |     7 ||     9
       Potion            |       |     9 ||     9
 Stab: Confused          |       |     2 ||     2
  Eat: Fruit             |     2 |     5 ||     7
       Chunk             |     2 |     1 ||     3
